 Dungeon Crawl Stone Soup version 0.30-a0-879-ga8ba668304 (webtiles) character file.

Game seed: 226870084422987793

437 bobo the Shooter (level 7, 0/44 HPs)
             Began as a Kobold Hunter on Mar 12, 2023.
             Killed by divine providence
             ... invoked by an orc priest
              (8 damage)
             ... on level 4 of the Dungeon.
             The game lasted 00:08:44 (3110 turns).

bobo the Shooter (Kobold Hunter)                    Turns: 3110, Time: 00:08:44

Health: 0/44       AC:  9    Str:  8    XL:     7   Next: 21%
Magic:  7/7        EV: 17    Int: 11    God:
Gold:   235        SH:  0    Dex: 20    Spells: 3/6 levels left

rFire   . . .      SeeInvis +    a - +0 shortbow
rCold   + . .      Faith    .    (shield currently unavailable)
rNeg    . . .      Spirit   .    r - +2 animal skin
rPois   .          Reflect  .    s - +2 helmet
rElec   .          Rampage  .    e - +0 cloak
rCorr   .                        h - +0 pair of gloves
Will    .....                    (no boots)
Stlth   ++++                     (no amulet)
HPRegen 0.27/turn                d - ring of protection from cold
MPRegen 0.10/turn                m - ring of see invisible

@: hasted, very quick
A: small, no large weapons, nightstalker 3
a: no special abilities


You were on level 4 of the Dungeon.
You visited 1 branch of the dungeon, and saw 4 of its levels.

You collected 235 gold pieces.

Inventory:

Hand Weapons
 a - a +0 shortbow (weapon)
Armour
 e - a +0 cloak (worn)
 h - a +0 pair of gloves (worn)
 r - a +2 animal skin (worn)
 s - a +2 helmet (worn)
Jewellery
 d - a ring of protection from cold (left hand)
 m - a ring of see invisible (right hand)
 t - a ring of ice
Wands
 c - a wand of iceblast (5)
Scrolls
 b - 2 scrolls of immolation
 g - a scroll of vulnerability
 k - a scroll of brand weapon {unknown}
 l - 3 scrolls of teleportation {unknown}
 o - a scroll of fog {unknown}
 q - a scroll of poison {unknown}
 w - a scroll of blinking {unknown}
 x - a scroll of magic mapping {unknown}
 y - a scroll of amnesia {unknown}
 z - a scroll of acquirement {unknown}
Potions
 i - 4 potions of lignification
 j - a potion of mutation
 n - a potion of magic
 p - 4 potions of flight
 u - a potion of curing
 v - a potion of brilliance {unknown}


   Skills:
 + Level 4.4 Fighting
 + Level 7.0 Ranged Weapons
 + Level 4.7 Dodging
 + Level 5.1 Stealth


You had 3 spell levels left.
You knew the following spells:

 Your Spells              Type           Power      Damage    Failure   Level
e - Inner Flame           Hex/Fire       0%         N/A       71%         3

Your spell library contained the following spells:

 Spells                   Type           Power      Damage    Failure   Level
 Hailstorm                Conj/Ice       0%         3d3       71%         3
 Cause Fear               Hex            0%         N/A       98%         4
 Ice Form                 Ice/Tmut       0%         N/A       98%         4
 Simulacrum               Ice/Necr       0%         N/A       100%        6
 Malign Gateway           Summ/Tloc      0%         N/A       100%        7
 Discord                  Hex            0%         N/A       100%        8
 Summon Horrible Things   Summ           0%         N/A       100%        8


Dungeon Overview and Level Annotations

Branches:
Dungeon (4/15)
 Temple: D:4-7

Altars:
Hepliaklqana
Kikubaaqudgha
Makhleb
Nemelex Xobeh
Qazlal
Ru
Uskayaw
Wu Jian
Yredelemnul

Annotations:
D:3 1 runed translucent door, Iich's ghost, amateur DsFi


Innate Abilities, Weirdness & Mutations

You are small and have problems with some larger weapons.
You are completely attuned to the shadows.


Message History

The orc wizard hits you with a +0 dagger.
You shoot an arrow. The arrow misses the orc wizard.
The arrow hits the orc priest but does no damage.
The orc priest is almost dead.
The orc wizard hits you but does no damage.
You shoot an arrow.
The arrow hits the orc wizard but does no damage.
The orc wizard is lightly wounded.
The orc priest mumbles some strange prayers to Beogh against you.
Beogh smites you!
The orc wizard gestures at you while chanting.
You are confused.
You bump into the rock wall.
The orc priest looks braver for a moment.
The orc wizard misses you.
You bump into the rock wall.
It was a potion of curing.
You feel better.
The orc wizard hits you with a +0 dagger.
The orc priest calls down the wrath of Beogh upon you.
Beogh smites you!
You shoot an arrow. The arrow barely misses the orc wizard.
The arrow closely misses the orc priest.
The arrow hits the orc priest.
The orc priest is lightly wounded.
The orc wizard hits you with a +0 dagger.
The orc priest calls upon Beogh to heal the orc priest.
The orc priest is healed somewhat.
You hear a shout!
You shoot an arrow. The arrow hits the orc wizard!
The orc wizard is almost dead.
You shoot an arrow. The arrow hits the orc wizard!
You kill the orc wizard!
The orc priest mumbles some strange prayers to Beogh against you.
Beogh smites you!
* * * LOW HITPOINT WARNING * * *
The orc wizard casts a spell.
The orc wizard flickers and vanishes for a moment.
The orc priest invokes the aid of Beogh against you.
Beogh smites you!
You die...

........#......... ..##
####.####........† #..####
#....'.........
.####....######.#.........
................##########
#..........>..#
#.##########.##
###.##########.#
#.........@)oo#.#
#)##.########o#.# # #.#
#.# #.# #o#.# #. #o#.#
###o#.# ....#.# ......#
#######


You could see 2 orc priests and an orc wizard (invisible).

Vanquished Creatures
  Grinder (D:3)
  2 orc priests (D:3)
  A sleepcap (D:4)
  2 orc wizards
  Robin (D:2)
  4 adders
  A worm (D:2)
  A dart slug (D:1)
  9 orcs
  3 endoplasms
  A giant cockroach (D:4)
  12 goblins
  11 hobgoblins
  4 kobolds
  4 quokkas
  8 ball pythons
  8 bats
  2 frilled lizards (D:2)
  8 rats
83 creatures vanquished.

Notes
Turn   | Place    | Note
-------+----------+-------------------------------------------
     0 | D:1      | bobo the Kobold Hunter began the quest for the Orb.
     0 | D:1      | Reached XP level 1. HP: 12/12 MP: 1/1
   173 | D:1      | Reached XP level 2. HP: 18/18 MP: 2/2
   568 | D:1      | Reached XP level 3. HP: 22/22 MP: 3/3
   974 | D:2      | Found a faded altar of an unknown god.
  1017 | D:2      | Reached XP level 4. HP: 27/27 MP: 4/4
  1133 | D:2      | Reached skill level 6 in Ranged Weapons
  1291 | D:2      | Learned a level 3 spell: Inner Flame
  1775 | D:3      | Noticed Robin
  1786 | D:3      | Reached XP level 5. HP: 21/32 MP: 5/5
  1935 | D:3      | Noticed Grinder
  1943 | D:3      | Killed Grinder
  1944 | D:3      | Reached XP level 6. HP: 38/38 MP: 6/6
  1964 | D:3      | Found a runed translucent door.
  1964 | D:3      | Noticed Iich's ghost (amateur DsFi)
  2020 | D:2      | Killed Robin
  2153 | D:3      | Reached XP level 7. HP: 35/43 MP: 7/7
  2523 | D:3      | Reached skill level 5 in Stealth
  2949 | D:4      | Found a sacrificial altar of Ru.
  2949 | D:4      | Found a sparkling altar of Nemelex Xobeh.
  2949 | D:4      | Found a burning altar of Makhleb.
  2951 | D:4      | Found a hide-covered altar of Uskayaw.
  2951 | D:4      | Found an ancient bone altar of Kikubaaqudgha.
  2951 | D:4      | Found a hazy altar of Hepliaklqana.
  2958 | D:4      | Reached skill level 7 in Ranged Weapons
  2960 | D:4      | Found a basalt altar of Yredelemnul.
  2960 | D:4      | Found a stormy altar of Qazlal.
  2960 | D:4      | Found an ornate altar of the Wu Jian Council.
  3110 | D:4      | Killed from afar by an orc priest

Illustrated notes

Levels and vault maps discovered:
D:1:      dpeg_arrival_stonehenge_8_columns, layout_basic, chequers_arboretum,
          minmay_misc_feat_diagonals
D:2:      layout_loops_ring, hellmonk_ecumenical_altar_zigzags,
          minmay_misc_feat_x
D:3:      layout_basic, hellmonk_ghost_happy_afterlife, kennysheep_minor_cross,
          chequers_serial_rivers_large_a, uniq_robin, uniq_grinder
D:4:      dreamdust_elfheim, layout_basic, nicolae_overflows_in_rows

Skill      XL: |  1  2  3  4  5  6  7 |
---------------+----------------------+-----
Stealth        | 2 3 4 5 |  5.1
Dodging        | 3 4 |  4.7
Fighting       | 3 4 |  4.4
Ranged Weapons | 6 7 |  7.0

Action                     |  1- 3 |  4- 6 |  7- 9 || total
---------------------------+-------+-------+-------++-------
   Fire: Shortbow          |    77 |   103 |    57 ||   237
    Use: Scroll            |       |     6 |       ||     6
         Potion            |       |     1 |     2 ||     3
 Armour: Leather armour    |    15 |    14 |       ||    29
         Animal skin       |       |     7 |     8 ||    15
  Dodge: Dodged            |    56 |    61 |    18 ||   135

Table legend: (Time is in decaauts)
 A = Elapsed time spent in this place.
 B = Non-inter-level travel time spent in this place.
 C = Inter-level travel time spent in this place.
 D = Time resting spent in this place.
 E = Time spent auto-exploring this place.
 F = Levels seen in this place.
 G = Mean time per level.
                   A        B        C        D        E       F      G
               +--------+--------+--------+--------+--------+-----+--------+
         Total |   3158 |   3042 |    116 |     72 |   2354 |   4 |  789.5 |
       Dungeon |   3158 |   3042 |    116 |     72 |   2354 |   4 |  789.5 |
               +--------+--------+--------+--------+--------+-----+--------+

Top non-repeatable levels by time:
     D:2: 1008 daAuts
     D:3: 941 daAuts
     D:1: 908 daAuts
     D:4: 299 daAuts
